Cogmind - Beta 17 @@@ ROGUE MODE // 2026.07.25 @ 22:22:40 Player: gorb Result: Destroyed by D-53 Grenadier with Mini Grenade Launcher Performance ------------- Evolutions (0) 0 Regions Visited (2) 400 Robots Destroyed (13) 65 Value Destroyed (271) 271 Prototype IDs (0) 0 Alien Tech Used (0) 0 Bonus (0) 0 TOTAL SCORE: 736 Bonus ------- None Cogmind --------- Core Integrity 0/250 Matter 227/300 Energy 99/100 System Corruption 0% Temperature Cool (9) Movement Core (250) Ox4 Location -10/Mines Parts ------- > --- POWER (1) -------- (None) > --- PROPULSION (2) --- (None) > --- UTILITY (2) ------ Small Storage Unit > --- WEAPON (2) ------- Light Assault Rifle Bore Cannon > --- INVENTORY (8) ---- Light Ion Engine Light Ion Engine Wheel Compact Wheel Core Shielding Small Laser Assault Rifle Peak State ------------ > --- POWER ------------ Ion Engine > --- PROPULSION ------- Light Treads Light Treads > --- UTILITY ---------- Small Storage Unit Seismic Detector > --- WEAPON ----------- Assault Rifle Light Assault Rifle > --- INVENTORY -------- Light Ion Engine Wheel Compact Wheel Core Shielding Small Laser Assault Rifle Bore Cannon [Rating: 8] Favorites ----------- Power Ion Engine Engine Ion Engine Propulsion Light Treads Treads Light Treads Utility Small Storage Unit Device Seismic Detector Storage Small Storage Unit Weapon Light Assault Rifle Energy Gun Small Laser Ballistic Gun Light Assault Rifle Ballistic Cannon Bore Cannon Launcher Grenade Launcher Build | -11 -10 -10 ------- Run | Yrd Mat Min Slots Evolved . | . . . Power . | . . . Propulsion . | . . . Utility . | . . . Weapon . | . . . Parts Attached 11 | 6 4 1 Power 1 | 1 . . Engine 1 | 1 . . Core . | . . . Reactor . | . . . Propulsion 2 | 2 . . Treads 2 | 2 . . Leg . | . . . Wheel . | . . . Hover . | . . . Flight . | . . . Utility 2 | . 2 . Device 1 | . 1 . Storage 1 | . 1 . Processor . | . . . Hackware . | . . . Protection . | . . . Artifact . | . . . Weapon 6 | 3 2 1 Energy Gun 1 | 1 . . Energy Cannon . | . . . Ballistic Gun 3 | 2 1 . Ballistic Cannon 1 | . . 1 Launcher 1 | . 1 . Special Weapon . | . . . Impact Weapon . | . . . Slashing Weapon . | . . . Piercing Weapon . | . . . Special Melee Weapon . | . . . Unidentified Prototypes . | . . . Parts Lost 6 | . 2 4 Power 1 | . . 1 Propulsion 2 | . . 2 Utility 1 | . . 1 Weapon 2 | . 2 . Highest Loss Streak 4 | . 1 4 To Critical Strikes . | . . . Average Backups 5 | 3 4 7 Power 1 | 1 1 1 Propulsion 1 | 1 2 2 Utility . | . . . Weapon 1 | . 1 2 Tool/Special . | . . . Unused Backups 5 | . . 5 Power 2 | . . 2 Propulsion 2 | . . 2 Utility 1 | . . 1 Weapon . | . . . Tool/Special . | . . . Average Slot Usage (%) 90 | . 88 92 Engine 13 | . 14 12 Treads 27 | . 28 26 Device 7 | . 5 11 Storage 14 | . 14 14 Ballistic Gun 24 | . 22 27 Launcher 2 | . 3 . Peak Build Rating 8 | 5 7 8 Average Rating 6 | 4 6 7 On Entrance 4 | . 5 7 Avg Prop Armor Cover (%) . | . . . Naked Turns . | . . . Heaviest Build 15 | 8 15 15 Greatest Support 40 | 40 40 40 Greatest Overweight (x) 4 | . . 4 Average Overweight (x) . | . . . Largest Inventory Capacity 8 | 5 8 8 Average Capacity 7 | 5 8 8 Most Carried 8 | 5 6 8 Average Carried 5 | 4 4 7 Final Capacity 8 | 5 8 8 Final Carried 7 | 5 5 7 Class Distribution -------------------- 100% | Mutant Dominant Class ---------------- Mutant | -10/Materials Mutant | -10/Mines Resources | -11 -10 -10 ----------- Run | Yrd Mat Min Matter Collected 386 | 175 211 . Remotely . | . . . Salvage Created 346 | 24 291 31 Parts 26 | . 25 1 Haulers Intercepted . | . . . Recyclers Shooed . | . . . Parts Field Recycled . | . . . Retrieved Matter . | . . . Parts Self-Destructed . | . . . Prevented . | . . . Parts Restored . | . . . Kills | -11 -10 -10 ------- Run | Yrd Mat Min Combat Hostiles Destroyed 13 | . 11 2 Guns 11 | . 9 2 AOE 2 | . 2 . Classes Destroyed 5 | 1 2 2 Worker 1 | 1 . . Tunneler 1 | . . 1 Swarmer 6 | . 6 . Grunt 5 | . 5 . Assembled 2 | . . 2 Best Kill Streak 6 | 1 6 1 Combat Bots Only 6 | . 6 1 Max Kills in Single Turn 1 | 1 1 1 Gunslinging . | . . . Exploded 1 | . 1 . Melee . | . . . Uniques/NPCs Destroyed . | . . . Combat | -11 -10 -10 -------- Run | Yrd Mat Min Hostile Shots Fired 92 | . 67 25 Missed 26 | . 19 7 Hits 66 | . 48 18 Melee 5 | . . 5 Projectile 61 | . 48 13 AOE 4 | . . 4 Critical Strikes 2 | . . 2 Damage Taken 1007 | . 543 464 Core 269 | . 66 203 Absorbed by Shields . | . . . Core Remaining (%) 100 | 100 . . Volleys Fired 56 | 1 36 19 Largest 2 | 2 2 2 Hottest 68 | 40 40 68 Shots Fired 90 | 2 52 36 Gun 86 | 2 50 34 Cannon 2 | . . 2 Launcher 2 | . 2 . Special . | . . . Kinetic 88 | 2 50 36 Thermal . | . . . Explosive 2 | . 2 . Electromagnetic . | . . . Robot Hit Streak 12 | 1 12 5 Robot Miss Streak 4 | . 3 4 Penetration Max . | . . . Secondary Targets 3 | . 3 . Max Gunslinging Chain 1 | . 1 . Shots Hit Robots 58 | 1 38 19 Core Hits 25 | 1 17 7 Critical Kills . | . . . Critical Parts Destroyed 2 | . 1 1 Critical Strikes 2 | . 1 1 Destroy 2 | . 1 1 Melee Attacks . | . . . Impact . | . . . Slashing . | . . . Piercing . | . . . Sneak Attacks . | . . . Combat Hostiles . | . . . Follow-up Attacks . | . . . Damage Inflicted 655 | 11 408 236 Guns 558 | 11 346 201 Cannons 33 | . . 33 Explosions 62 | . 62 . Melee . | . . . Ramming 2 | . . 2 Kinetic 591 | 11 346 234 Thermal . | . . . Explosive 62 | . 62 . Electromagnetic . | . . . Impact . | . . . Slashing . | . . . Piercing . | . . . Highest Corruption . | . . . Average Corruption . | . . . Corruption Purged . | . . . Corruption Blocked . | . . . Overload Shots . | . . . Overflow Damage 2 | . 2 . Projectiles . | . . . Explosions 2 | . 2 . Melee . | . . . Knockbacks . | . . . Impact . | . . . Kinetic . | . . . Secondary . | . . . Self-Inflicted Damage 55 | . 55 . Shots 2 | . 2 . Rammed 1 | . . 1 Targets Rammed 2 | . . 2 Kicked . | . . . Crushed 1 | . . 1 Highest Temperature 18 | . 12 18 Average Temperature 8 | . 7 12 Received Heat Transfer 189 | . 189 . Siege Activations . | . . . Martial Activations . | . . . Shielding Activations . | . . . Robots Disrupted . | . . . Combat Hostiles . | . . . Robots Corrupted . | . . . Combat Hostiles . | . . . Parts Fried . | . . . Impact Corruptions . | . . . Robots Melted . | . . . Combat Hostiles . | . . . Parts Melted . | . . . Heat Transferred . | . . . Parts Sabotaged . | . . . Parts Stolen . | . . . Parts Stripped . | . . . Power Chain Reactions . | . . . Alert | -11 -10 -10 ------- Run | Yrd Mat Min Maximum Alert Level . | . . . Low Security (%) 100 | 100 100 100 Level 1 . | . . . Level 2 . | . . . Level 3 . | . . . Level 4 . | . . . Level 5 . | . . . High Security . | . . . Max Security . | . . . Peak Influence 199 | 5 199 59 Initial 59 | . 3 59 Average 54 | . 92 15 Influence Increases 319 | 5 309 5 Destroy 0b10 Robot/C 220 | . 220 . Destroy 0b10 Robot/NC 10 | 5 . 5 Destroy Leader 40 | . 40 . Successful Hack 8 | . 8 . Disable Machine 30 | . 30 . Destroy Structure 11 | . 11 . Influence Decreases 319 | . 161 158 Entered New Map 96 | . 2 94 Time Decay 203 | . 139 64 Lost Part 20 | . 20 . Squads Dispatched 1 | . 1 . Investigation 1 | . 1 . Extermination . | . . . Reinforcement . | . . . Assault . | . . . Garrison . | . . . Intercept . | . . . Searches Triggered . | . . . Construction Impeded . | . . . Haulers Reinforced . | . . . Active Scanning Responses . | . . . Cargo Convoy Interrupts . | . . . Stealth | -11 -10 -10 --------- Run | Yrd Mat Min Distress Signals . | . . . Communications Jammed . | . . . Distress Signals . | . . . Times Spotted 36 | . 13 23 Peak Tracking Total 14 | . 4 14 Tactical Retreats 2 | . . 2 Traps | -11 -10 -10 ------- Run | Yrd Mat Min Traps Triggered . | . . . Indirectly . | . . . Trap Hack Attempts . | . . . Triggered . | . . . Disarmed . | . . . Reprogrammed . | . . . Reused . | . . . Traps Extracted . | . . . Installed . | . . . Triggered . | . . . Machines | -11 -10 -10 ---------- Run | Yrd Mat Min Machines Disabled 2 | . 2 . Max in Single Turn 1 | . 1 . Machines Repaired . | . . . Machines Dismantled . | . . . Machines Sabotaged . | . . . Overloaded Fab Kills . | . . . Hacking | -11 -10 -10 --------- Run | Yrd Mat Min Machines Accessed 1 | . 1 . Terminals 1 | . 1 . Fabricators . | . . . Repair Stations . | . . . Recycling Units . | . . . Scanalyzers . | . . . Garrison Access . | . . . Total Hacks 1 | . 1 . Successful 1 | . 1 . Failed . | . . . Catastrophic . | . . . Database Lockouts . | . . . Manual 1 | . 1 . Terminals 1 | . 1 . Fabricators . | . . . Repair Stations . | . . . Recycling Units . | . . . Scanalyzers . | . . . Garrison Access . | . . . Terminal Hacks 1 | . 1 . Branch Access Points 1 | . 1 . Fabricator Hacks . | . . . Repair Station Hacks . | . . . Recycling Unit Hacks . | . . . Scanalyzer . | . . . Garrison Access Hacks . | . . . Unauthorized Hacks . | . . . Terminals . | . . . Fabricators . | . . . Repair Stations . | . . . Recycling Units . | . . . Scanalyzers . | . . . Garrison Access . | . . . Data Cores Recovered . | . . . Used . | . . . Hacking Detections . | . . . Full Trace Events . | . . . Feedback Events . | . . . Feedback Blocked . | . . . Robot Schematics Acquired . | . . . Robots Built . | . . . Authchips . | . . . Time . | . . . Total Robot Build Rating . | . . . Part Schematics Acquired . | . . . Parts Built . | . . . Authchips . | . . . Time . | . . . Total Part Build Rating . | . . . Part Studies Acquired . | . . . Parts Repaired . | . . . Time . | . . . Parts Recycled . | . . . Recycled Matter . | . . . Retrieved Matter . | . . . Retrieved Components . | . . . Parts Scanalyzed . | . . . Part Schematics Acquired . | . . . Parts Damaged . | . . . Bothacking | -11 -10 -10 ------------ Run | Yrd Mat Min Used RIF Installer . | . . . Robots Hacked . | . . . Non-combat . | . . . Combat . | . . . Robot Hacks Applied . | . . . Relay Couplers Released . | . . . Fabnet Peak Effective % . | . . . Robots Rewired . | . . . Allies Hacked . | . . . Hacks Repelled . | . . . Allies | -11 -10 -10 -------- Run | Yrd Mat Min Total Allies . | . . . Largest Group . | . . . Highest-Rated Group . | . . . Highest-Rated Ally . | . . . Total Orders . | . . . Ally Attacks . | . . . Total Damage . | . . . Kills . | . . . Allies Corrupted . | . . . Allies Melted . | . . . Intel | -11 -10 -10 ------- Run | Yrd Mat Min Active Infowar (turns) 380 | . 171 209 Seismic 380 | . 171 209 Robot Analysis Total . | . . . Derelict Logs Recovered . | . . . Drone Launches . | . . . Drone Recoveries . | . . . Exploration | -11 -10 -10 ------------- Run | Yrd Mat Min Turns Passed 799 | 113 422 264 Spaces Moved 398 | 66 203 129 Core 11 | 10 . 1 Treads 387 | 56 203 128 Legs . | . . . Wheels . | . . . Hover . | . . . Flight . | . . . Fastest Speed 50 | 50 160 160 Average Speed 157 | 143 160 160 Slowest Speed 250 | 160 160 250 Overloaded Moves . | . . . Propulsion Burnouts . | . . . Robots Hopped . | . . . Potential Cave-ins . | . . . Cave-ins Triggered . | . . . Exploration Rate (%) 24 | 4 36 32 Regions Visited 2 Branch Regions 1 Pre-discovered Areas . | . . . Known Exits Taken 1 | . 1 . Unknown Exits Taken 1 | 1 . . Scrap Searched . | . . . Spaces Dug . | . . . Terrain Destroyed 11 | . 10 1 Melee . | . . . Projectile 1 | . . 1 AOE 10 | . 10 . Terrain Rammed . | . . . Walls Destroyed . | . . . Machines Disabled . | . . . Actions | -11 -10 -10 --------- Run | Yrd Mat Min Total 491 | 82 255 154 Wait 9 | . 9 . Move 396 | 65 202 129 Hop . | . . . Pick Up 17 | 10 4 3 Fast Attach . | . . . Attach 10 | 5 4 1 Detach . | . . . Swap 1 | 1 . . Drop . | . . . Fire 56 | 1 36 19 Melee . | . . . Ram . | . . . Kick . | . . . Crush 2 | . . 2 Escape Stasis . | . . . Rewire . | . . . Trap . | . . . Miscellaneous . | . . . Route ------- -11/Scrapyard -10/Materials (discovered 2 exits: [*Mat] / *Min) -10/Mines History --------- Turn | Location | Event 53 | -11/Scrapyard | Discovered new exit (range 16) 114 | -11/Scrapyard | Entered Materials 115 | -10/Materials | Met a group of wandering Federalists 306 | -10/Materials | Build established: Mutant 307 | -10/Materials | Discovered new exit (range 6) 399 | -10/Materials | Identified exit to Mines 536 | -10/Materials | Entered Mines 574 | -10/Mines | A weapon hastily lodged in a ceiling crevice suddenly fell to the ground 726 | -10/Mines | Assembled infested the area 793 | -10/Mines | Core integrity fell below 50% 799 | -10/Mines | Core integrity fell below 20% 800 | -10/Mines | Destroyed by D-53 Grenadier with Mini Grenade Launcher Last Messages --------------- K-01 Serf collects debris. Assault Rifle severed. Lgt. Treads destroyed. T-07 Excavator suffers critical hit (Destroy). Destroyed Lgt. Ion Engine. C-45 Heavy ARC bursts open, deploying its payload. D-53 Grenadier unfolds itself. as-80431 destroyed. K-01 Serf collects debris. as-03615 destroyed. as-61172 destroyed. as-99559 destroyed. K-01 Serf destroyed. as-13599 destroyed. as-23231 destroyed. The unstable cave ceiling collapses. as-84384 destroyed. as-82335 destroyed. as-31447 destroyed. Map ----- +----------------------------------------------------+ | | | | | | | | | | | ????????????????????????????????????????? | | ????????????????????????????????????????? | | ????????????????????????????????????????? | | ????????????????????????????????????????? | | ????????????????????????????????????????? | | ????????????????????????????????????????? | | ?????????????????????????? ?????????????? | | ?????????????????????????? #????????????? | | ???????????????????????? # ##??????????? | | ??????????????????????? ??????????? | | ?????????????????????? #??????????? | | ??????###????????????? ? ##?????????? | | ?????## ??????????? ??# ??????????? | | ?????# ????????? ???# #??????????? | | ?????# ##?????? ????# #??????????? | | ??????# aaa # ##### #???## #??????????? | | ???????? a%a # #??## ##?????????? | | ??????????a%a a #??# #?????????? | | ???????????? #### #?????????? | | ?????????????# d #?????????? | | ?????????????# @ d % ##?????????? | | ????????????# % ### ####### | | ??????????# # ##?## | | ???????? ? # #???####### ### | | ?????? ?? ##### #?????????# #??????? | | ???? ??? ##????# ????????# #??????? | | ??? ???? ##??????#### ???????# #??????? | | ???????? #????????????? ??????# #??????? | | ?????? ???????????????#?????# ######## | | ????? ??????????????????????# | | ????? ???????????????????????########## | | ????? ?????????????????????????????????? | | ????????????????????????????????????????? | | ????????????????????????????????????????? | | ????????????????????????????????????????? | | ????????????????????????????????????????? | | ????????????????????????????????????????? | | ????????????????????????????????????????? | | ????????????????????????????????????????? | | ????????????????????????????????????????? | | ????????????????????????????????????????? | | ????????????????????????????????????????? | | ????????????????????????????????????????? | | ????????????????????????????????????????? | | ????????????????????????????????????????? | +----------------------------------------------------+ Best States ------------- Heat Dissipation 25 Energy Generation 10 Energy Capacity 250 Matter Stores 300 Matter Capacity 300 Sight Range 16 Terrain Scan Density 10 Evasion (%) 50 Recoil Reduction 2 Item Schematics ----------------- None Robot Schematics ------------------ None Fabricated ------------ Nothing Repaired ---------- Nothing Studied --------- None Alien Tech Used ----------------- None Achievements -------------- None Challenges ------------ None Game ------ Seed CryofiberModifiedObfuscator Manual? 0 Play Time 00:07:26 Cumulative 44.2 hours Start 2026.07.25 @ 22:16:48 End 2026.07.25 @ 22:22:40 Sessions 1 Manual Loads 0 Difficulty Rogue Special Mode None Game No. 76 Rogue 74 Adventurer 0 Explorer 2 Win Type - Total 0 Types 0/0/0/0/0/0/0/0/0/0 Lore% 24 Gallery% 28 Achievement% 19 Wizard Run 0 Options --------- Layout 1 ASCII 0 Keyboard 0 Movement Mouse Keybinds 0 Fullscreen 1 Font 24/Smallcaps Map View 50x35 Zoom Use 0% Tactical HUD 0 Map Filters NONE Filters NONE Steam 1 RUN: 1020afaf-4134-4bcf-a47a-753e80411bd9